 Dungeon Crawl Stone Soup version 0.24-a0-250-g6074511 (webtiles) character file.

Game seed: 17145436226440717015

35 Borgoz the Cutter (level 3, -1/22 HPs)
             Began as a Kobold Gladiator on Apr 14, 2019.
             Slain by a howler monkey (6 damage)
             ... on level 2 of the Dungeon.
             The game lasted 00:01:07 (722 turns).

Borgoz the Cutter (Kobold Gladiator)                 Turns: 722, Time: 00:01:07

Health: -1/22      AC:  6    Str: 12    XL:     3   Next: 52%
Magic:  3/3        EV: 15    Int:  9    God:
Gold:   5          SH:  0    Dex: 16    Spells: 2/2 levels left

rFire    . . .     SeeInvis .   a - +0 rapier
rCold    . . .     Gourm    .   (shield restricted)
rNeg     . . .     Faith    .   i - +0 ring mail
rPois    .         Spirit   .   c - +0 helmet
rElec    .         Reflect  .   (no cloak)
rCorr    .         Harm     .   (no gloves)
MR       .....                  (no boots)
Stlth    +.........             (no amulet)
HPRegen  0.07/turn              (no ring)
MPRegen  0.08/turn              (no ring)

@: no status effects
A: small, carnivore
a: no special abilities


You were on level 2 of the Dungeon.
You were completely stuffed.

You visited 1 branch of the dungeon, and saw 2 of its levels.

You collected 5 gold pieces.

Inventory:

Hand Weapons
 a - a +0 rapier (weapon)
Missiles
 d - 3 throwing nets (quivered)
Armour
 c - a +0 helmet (worn)
 i - a +0 ring mail (worn)
Scrolls
 e - a scroll of identify {unknown}
 h - 4 scrolls of remove curse {unknown}
Comestibles
 f - a ration


   Skills:
 + Level 2.3 Fighting
 + Level 4.7 Short Blades
 + Level 2.3 Throwing
 + Level 4.2 Dodging
 + Level 1.1 Stealth


You had 2 spell levels left.
You didn't know any spells.
Your spell library was empty.

Dungeon Overview and Level Annotations

Branches:
Dungeon (2/15)

Altars:


Innate Abilities, Weirdness & Mutations

You are small and have problems with some larger weapons.
You are carnivorous and can eat meat at any time.


Message History

The howler monkey is moderately wounded.
The howler monkey barely misses you.
You hit the howler monkey.
The howler monkey is heavily wounded.
The howler monkey hits you. The howler monkey misses you.
You are too injured to fight recklessly!
You are too injured to fight recklessly!
You are too injured to fight recklessly!
You are too injured to fight recklessly!
You closely miss the howler monkey.
The howler monkey is heavily wounded.
The howler monkey hits you.
* * * LOW HITPOINT WARNING * * *
You hit the howler monkey.
The howler monkey is heavily wounded.
The howler monkey hoots and howls with incredible vigour!
You closely miss the howler monkey.
The howler monkey is heavily wounded.
The howler monkey hits you.
You die... #... #..# #..# .w# bg#

#b#
#h#
#@#
##.#
#..#
#..#
#<.#
##+#


You could see a howler monkey, a dart slug, a hobgoblin and 2 bats.

Vanquished Creatures
  A dart slug (D:1)
  4 bats (D:1)
  3 giant cockroaches (D:1)
  8 goblins (D:1)
  A hobgoblin (D:1)
  A ball python (D:1)
  3 frilled lizards (D:1)
  4 kobolds (D:1)
  5 rats (D:1)
30 creatures vanquished.

Notes
Turn   | Place    | Note
-------+----------+-------------------------------------------
     0 | D:1      | Borgoz the Kobold Gladiator began the quest for the Orb.
     0 | D:1      | Reached XP level 1. HP: 12/12 MP: 1/1
    93 | D:1      | Reached XP level 2. HP: 13/17 MP: 2/2
   284 | D:1      | Reached XP level 3. HP: 21/21 MP: 3/3
   607 | D:1      | Reached skill level 1 in Stealth
   722 | D:2      | Slain by a howler monkey

Levels and vault maps discovered:
D:1:      dpeg_arrival_water_temple_mockup, layout_loops_ring, feat_on_display
D:2:      layout_loops_ring, tso_altar, uniq_natasha, uniq_crazy_yiuf_cottage

Skill      XL: |  1  2  3 |
---------------+----------+-----
Dodging        | 4 |  4.2
Stealth        | 1 |  1.1
Fighting       | |  2.3
Short Blades   | |  4.7
Throwing       | |  2.3

Action                   || total
-------------------------++-------
Melee: Rapier            ||   100
 Stab: Sleeping          ||     3
  Eat: Chunk             ||     8
Armor: Leather armour    ||    11
       Ring mail         ||     2
Dodge: Dodged            ||    76

Table legend:
 A = Non-vault XP
 B = Vault XP
 C = Vault XP percentage of total XP
 D = Non-vault monster count
 E = Vault monster count
 F = Vault count percentage of total count
                 A         B        C        D         E       F
            +---------+---------+-------+---------+---------+-------
      Total |      50 |       0 |   0.0 |      30 |       0 |   0.0
            +---------+---------+-------+---------+---------+-------
        D:1 |      50 |       0 |   0.0 |      30 |       0 |   0.0
            +---------+---------+-------+---------+---------+-------
